 Dungeon Crawl Stone Soup version 0.32-a0-135-g14f8b2e1af (webtiles) character file.

Game seed: 7090409878495866005

16 iamserjio the Grasshopper (level 2, -1/24 HPs)
             Began as a Demigod Warper on Feb 10, 2024.
             Slain by a quokka (3 damage)
             ... on level 1 of the Dungeon.
             The game lasted 00:01:33 (202 turns).

iamserjio the Grasshopper (Demigod Warper)           Turns: 202, Time: 00:01:34

Health: -1/24      AC:  3    Str: 12    XL:     2   Next: 27%
Magic:  7/7        EV: 11    Int: 15    God:
Gold:   18         SH:  0    Dex: 13    Spells: 5/5 levels left

rFire   . .          .
                       - Unarmed
rCold   . . .        (no shield)
rNeg    . . .        a - +0 leather armour
rPois   .            (no helmet)
rElec   .            (no cloak)
rCorr   .            (no gloves)
SInv    .            (no boots)
Will    .....        (no amulet)
Stlth   +            (no ring)
HPRegen 0.24/turn    (no ring)
MPRegen 0.10/turn

%: no passive effects
@: no status effects
A: high MP 1, forlorn, divine attributes
a: no special abilities


You were on level 1 of the Dungeon.
You visited 1 branch of the dungeon, and saw 2 of its levels.

You collected 18 gold pieces.

Inventory:

Missiles
 c - 7 darts of dispersal (quivered)
Armour
 a - a +0 leather armour (worn)
Scrolls
 b - a scroll of blinking {@r4}
 d - a scroll of brand weapon {unknown}
 e - a scroll of enchant armour {unknown}


   Skills:
 + Level 2.1 Fighting
 - Level 0.8 Throwing
 - Level 0.8 Armour
 - Level 1.7 Dodging
 * Level 2.4 Unarmed Combat
 - Level 2.0 Spellcasting
 - Level 2.6 Translocations


You had 5 spell levels left.
You didn't know any spells.
Your spell library contained the following spells:

 Spells                   Type           Power      Damage    Failure   Level
 Blink                    Tloc           18%        N/A       14%         2
 Lesser Beckoning         Tloc           18%        N/A       14%         2
 Teleport Other           Tloc           9%         N/A       28%         3
 Manifold Assault         Tloc           9%         N/A       67%         4
 Vhi's Electric Charge    Tloc/Air       10%        N/A       85%         4


Dungeon Overview and Level Annotations

Branches:
Dungeon (2/15) Zot: 11800


Innate Abilities, Weirdness & Mutations

You have an increased reservoir of magic. (+10% MP)
You shall have no god before yourself.
Your divine heritage dramatically boosts your attributes as you level up.


Message History

The ball python constricts you.
* * * LOW HITPOINT WARNING * * *
You hit the ball python.
You kill the ball python!
You have reached level 2!
The dart slug bites you.
* * * LOW HITPOINT WARNING * * *
You see here a ball python corpse.
You barely miss the dart slug. The dart slug launches a dart at you.
The slug dart hits you.
* * * LOW HITPOINT WARNING * * *
You hit the dart slug.
You aren't carrying any potions.
Unknown command.
You hit the dart slug. The dart slug barely misses you.
You barely miss the dart slug. The dart slug launches a dart at you.
The slug dart hits you but does no damage.
You hit the dart slug.
You kill the dart slug!
The bat misses you.
Training target 2.0 for Spellcasting reached!
Your Spellcasting skill increases to level 2!
You hit the ball python.
You kill the ball python!
The bat misses you. The bat hits you but does no damage.
You closely miss the bat. The bat hits you but does no damage.
The bat closely misses you.
You hit the bat.
You kill the bat!
The quokka bites you.
* * * LOW HITPOINT WARNING * * *
You closely miss the quokka. Your punch misses the quokka.
The quokka completely misses you.
You hit the quokka but do no damage. The quokka bites you.
* * * LOW HITPOINT WARNING * * *
You closely miss the quokka. The quokka misses you.
You hit the quokka. The quokka bites you.
You die...

..# ........!S.SSK~~P~~~
..# #.....#)###..♣~♣~~P
### #.......#.#....♣~~~
..# #
#.#.....#..S...♣~~♣ .<#
#. #.......#.#.....♣♣♣
..#
###..##.................
###
......Kw.###........###.
######r## #........####
#@##.......###....
#.##.####### #.... #.##.
#.... #.# ###.. ..# ###
###


You could see a dart slug, a quokka and a kobold.

Vanquished Creatures
  A dart slug (D:1)
  2 ball pythons (D:1)
  2 bats
  An endoplasm (D:2)
  A giant cockroach (D:1)
  A goblin (D:1)
  3 frilled lizards
  A kobold (D:2)
  2 rats (D:1)
14 creatures vanquished.

Notes
Turn   | Place    | Note
-------+----------+-------------------------------------------
     0 | D:1      | iamserjio the Demigod Warper began the quest for the Orb.
     0 | D:1      | Reached XP level 1. HP: 17/17 MP: 5/5
   190 | D:1      | Reached XP level 2. HP: 7/24 MP: 7/7
   191 | D:1      | HP: 1/24 [dart slug/slug dart (4)]
   200 | D:1      | HP: 1/24 [quokka (1)]
   202 | D:1      | Slain by a quokka

Illustrated notes

Levels and vault maps discovered:
D:1:      dpeg_arrival_prison, layout_basic, serial_bayou_lake_a
D:2:      layout_loops_ring, shapermc_ecumenical_altar_mp_ritualfount,
          basic_altar

Skill      XL: |  1  2 |
---------------+-------+-----
Unarmed Combat | 2 |  2.4
Fighting       | 2 |  2.1
Spellcasting   | 2 |  2.0
Throwing       | |  0.8
Armour         | |  0.8
Dodging        | |  1.7
Translocations | |  2.6

Action                     || total
---------------------------++-------
  Melee: Unarmed           ||    59
         Punch             ||     1
 Armour: Leather armour    ||    47
  Dodge: Dodged            ||    45

Table legend: (Time is in decaauts)
 A = Elapsed time spent in this place.
 B = Non-inter-level travel time spent in this place.
 C = Inter-level travel time spent in this place.
 D = Time resting spent in this place.
 E = Time spent auto-exploring this place.
 F = Levels seen in this place.
 G = Mean time per level.
                   A        B        C        D        E       F      G
               +--------+--------+--------+--------+--------+-----+--------+
         Total |    199 |    199 |      0 |      0 |      0 |   2 |   99.5 |
       Dungeon |    199 |    199 |      0 |      0 |      0 |   2 |   99.5 |
               +--------+--------+--------+--------+--------+-----+--------+

Top non-repeatable levels by time:
     D:1: 140 daAuts
     D:2: 58 daAuts
